Map: Shrines of Lizul

Players

hacenet

  • Race: Terran Terran
  • Spawn Location: 12:00

snOuf

  • Race: Protoss Protoss
  • Spawn Location: 3:00

PureLegacy - Winner!

  • Race: Terran Terran
  • Spawn Location: 6:00

brennus - Winner!

  • Race: Zerg Zerg
  • Spawn Location: 9:00

VOD

Have the link to the VOD?

Description

Time

  • Played on: Nov. 29, 2018, 6:11 a.m.
  • Length: 3:54
Show
View Real Time Build Order
Export as new Build Order

hacenet Terran 

Build Orders:  

Get SALT Encoding   

  12  0:09  SCV  
  13  0:21  Supply Depot  
  13  0:22  SCV  
  14  0:44  Barracks  
  14  0:45  Barracks  
  14  0:58  Barracks  
  14  1:02  SCV  
  15  1:14  SCV  
  16  1:26  SCV  
  16  1:32  Supply Depot, Marine  
  18  1:33  Marine  
  18  1:38  SCV  
  20  1:45  Supply Depot  
  20  1:46  Marine  
  21  1:50  SCV  
  21  1:52  Marine  
  23  1:55  Marine  
  24  2:04  Marine  
  25  2:10  Marine  
  25  2:13  Marine  
  27  2:31  Marine x3  
  27  2:33  Orbital Command  
  30  2:48  Marine  
  30  2:49  Marine  
  31  2:52  Marine  
  25  3:06  Marine, SCV  
  25  3:13  Marine  
  25  3:14  Marine  
  27  3:24  Marine  
  28  3:31  Marine x2  
Show
View Real Time Build Order
Export as new Build Order

snOuf Protoss 

Build Orders:  

Get SALT Encoding   

  12  0:01  Probe  
  13  0:13  Probe  
  14  0:19  Pylon  
  14  0:25  Probe  
  15  0:38  Probe  
  16  0:43  Gateway  
  16  0:47  Assimilator  
  16  0:50  Probe  
  17  1:02  Probe  
  17  1:12  Probe  
  17  1:16  Pylon  
  18  1:18  Assimilator  
  18  1:20  Probe  
  19  1:35  Cybernetics Core  
  19  1:38  Zealot  
  21  1:51  Probe  
  22  2:04  Probe  
  22  2:05  Pylon  
  22  2:28  Stalker  
  20  2:36  Gateway  
  20  2:38  Probe  
  20  2:41  Gateway  
  21  2:54  Gateway  
  21  2:57  Probe  
  22  3:13  Stalker  
  22  3:17  Probe  
Show
View Real Time Build Order
Export as new Build Order

PureLegacy Terran - Winner!

Build Orders:  

Get SALT Encoding   

  12  0:03  SCV  
  13  0:15  SCV  
  13  0:20  Supply Depot  
  14  0:27  SCV  
  15  0:30  Refinery  
  15  0:42  SCV  
  16  0:47  Barracks  
  16  0:54  SCV  
  17  1:04  Barracks  
  17  1:18  Barracks  
  17  1:23  SCV  
  18  1:49  Reaper, Orbital Command  
  19  1:59  Reaper  
  19  2:00  Refinery  
  20  2:03  Supply Depot  
  20  2:09  Reaper  
  21  2:21  Reaper  
  22  2:28  SCV  
  22  2:29  Supply Depot  
  23  2:34  Reaper  
  24  2:40  SCV  
  25  2:45  Reaper  
  26  2:57  Reaper  
  26  3:12  Reaper  
  27  3:13  Command Center  
  27  3:14  SCV  
  27  3:18  Reaper  
  29  3:26  SCV  
Show
View Real Time Build Order
Export as new Build Order

brennus Zerg - Winner!

Build Orders: Pool First 

Get SALT Encoding   

  12  0:01  Drone  
  13  0:10  Drone  
  14  0:22  Extractor  
  13  0:29  Spawning Pool  
  13  0:33  Drone  
  13  0:37  Drone  
  14  0:46  Overlord  
  14  1:16  Zergling x6  
  17  1:24  Metabolic Boost  
  17  1:29  Zergling x2  
  18  1:40  Zergling x2  
  19  1:47  Hatchery  
  19  1:50  Zergling x2  
  19  2:04  Zergling x2  
  20  2:22  Zergling x4  
  18  2:38  Zergling x2  
  18  2:51  Zergling x2  
  19  2:58  Queen, Zergling x2  
  18  3:09  Zergling x2  
  18  3:10  Zergling x4  
  20  3:16  Zergling x2  
  21  3:26  Zergling x2  
  22  3:29  Overlord  
Tags
 
Add a new tag
Caveats
  • Supply blocks, unpowered buildings, or Contaminate may cause inaccurate times.
  • Supply counts are checked every 10 seconds.